 Dungeon Crawl Stone Soup version 0.19-a0-1653-g922d709 (webtiles) character file.

142 TheGoonsmith the Cudgeler (level 5, 0/57 HPs)
             Began as an Ogre Berserker on Sept 19, 2016.
             Was a Follower of Trog.
             Succumbed to a water moccasin's poison
             ... on level 3 of the Dungeon.
             The game lasted 00:03:00 (1688 turns).

TheGoonsmith the Cudgeler (Ogre Berserker)          Turns: 1688, Time: 00:03:00

Health: 0/57       AC:  5    Str: 22    XL:     5   Next: 24%
Magic:  5/5        EV: 10    Int:  6    God:    Trog [*.....]
Gold:   52         SH:  0    Dex: 10    Spells: 0 memorised, 4 levels left

rFire  + . .     SeeInvis .     s - +0 flail
rCold  . . .     Gourm    .     b - +0 animal skin
rNeg   . . .     Faith    .     (no shield)
rPois  .         Spirit   .     (helmet restricted)
rElec  .         Dismiss  .     w - +1 cloak {MR+}
rCorr  .         Reflect  .     (gloves unavailable)
MR     +++..     Harm     .     (boots unavailable)
Stlth  +.........               (no amulet)
                                (no ring)
                                m - ring of protection from fire

@: lethally poisoned (0 -> -11), very slightly contaminated, regenerating,
hasted, very quick
A: unfitting armour, tough skin 1
a: Berserk, Burn Spellbooks, Renounce Religion


You were on level 3 of the Dungeon.
You worshipped Trog.
Trog was aware of your devotion.
You were not hungry.

You visited 1 branch of the dungeon, and saw 3 of its levels.

You collected 52 gold pieces.

Inventory:

Hand Weapons
 a - a +0 mace
 s - a +0 flail (weapon)
Armour
 b - a +0 animal skin (worn)
 q - a +0 cloak
 w - a +1 cloak of magic resistance (worn)
Jewellery
 m - a ring of protection from fire (left hand)
Wands
 d - a wand of disintegration (7/24)
Scrolls
 k - a scroll of remove curse
 r - a scroll of identify
 t - a scroll of fear
Potions
 e - a potion of might
 j - a potion of lignification
 p - a potion of heal wounds {unknown}
Comestibles
 c - 2 bread rations
 f - 2 meat rations


   Skills:
 + Level 5.3 Fighting
 * Level 6.8 Maces & Flails
 - Level 2.6 Dodging


You had 4 spell levels left.
You didn't know any spells.

Dungeon Overview and Level Annotations

Branches:
Dungeon (3/15)

Altars:


Innate Abilities, Weirdness & Mutations

You are too large for most types of armour.
You have tough skin. (AC +1)


Message History

There is a stone staircase leading up here.
Okay, then.
You hit the water moccasin.
The water moccasin is moderately wounded.
You feel very sick. The water moccasin bites you.
* * * LOW HITPOINT WARNING * * *
You are more poisoned.
The water moccasin poisons you!
It was a potion of haste.
You feel yourself speed up.
* * * LOW HITPOINT WARNING * * *
You feel very sick.
The water moccasin bites you but does no damage.
The water moccasin closely misses you.
You are very lightly contaminated with residual magic.
Okay, then.
* * * LOW HITPOINT WARNING * * *
You feel sick.
It was a potion of magic.
Magic courses through your body.
You die...

##,** **,...,,*,* *,*
#.#* *#..,,**,***,**
*#.#*
*#%#**,**,,,,,,,
#.)###..# *,,,,,,,,,,
*,#.#...#*****,***,**
*,##l#,,,,,,,,,,,,,,,
#,*#.#*,******,*,***,
#.*#S#*,* *,,,* *,
#.##@##.# *,,,***,
#.......# *,,,,,,,
###.##..#*****,,***,*
#.#*.....,,,,,**,,,
#.#*,#####**,***,,,
#.#*,* *****,,,,,,,
#.#*,* *,,,,,,,,,,,
#.#*,***,*****,,,,,
##.##,,,,,,* ***,,,


You could see a water moccasin and a frilled lizard.

Vanquished Creatures
  Crazy Yiuf (D:2)
  Ijyb (D:2)
  Terence (D:2)
  2 adders (D:2)
  A worm (D:2)
  2 dart slugs
  2 leopard geckos
  An orc (D:3)
  3 giant cockroaches (D:2)
  9 goblins
  2 hobgoblins
  6 bats
  2 frilled lizards
  A rat (D:2)
34 creatures vanquished.

Notes
Turn   | Place    | Note
-------+----------+-------------------------------------------
     0 | D:1      | TheGoonsmith the Ogre Berserker began the quest for the Orb.
     0 | D:1      | Reached XP level 1. HP: 24/24 MP: 1/1
   322 | D:1      | Reached XP level 2. HP: 23/33 MP: 2/2
   922 | D:2      | Noticed Terence
   931 | D:2      | Killed Terence
   931 | D:2      | Reached skill level 5 in Maces & Flails
   931 | D:2      | Reached XP level 3. HP: 40/40 MP: 3/3
  1116 | D:2      | Reached XP level 4. HP: 49/49 MP: 4/4
  1204 | D:2      | Reached ** piety under Trog
  1204 | D:2      | Reached skill level 6 in Maces & Flails
  1424 | D:2      | Noticed Ijyb
  1435 | D:2      | Killed Ijyb
  1435 | D:2      | Reached skill level 5 in Fighting
  1552 | D:2      | Found a runed door.
  1556 | D:2      | Noticed Crazy Yiuf
  1563 | D:2      | Killed Crazy Yiuf
  1563 | D:2      | Reached XP level 5. HP: 57/57 MP: 5/5
  1669 | D:3      | Noticed a water moccasin
  1687 | D:3      | HP: 1/57 [poisoned by a water moccasin]
  1688 | D:3      | Succumbed to a water moccasin's poison

Vault maps used:
D:1:      dpeg_arrival_tiny_d
D:2:      uniq_terence, uniq_iyjb, uniq_crazy_yiuf_cottage
D:3:      uniq_natasha

Skill      XL: |  1  2  3  4 |
---------------+-------------+-----
Maces & Flails | 5 6 |  6.8
Fighting       | 5 |  5.3
Dodging        | |  2.6

Action                   |  1- 3 |  4- 6 || total
-------------------------+-------+-------++-------
Melee: Mace              |    66 |     3 ||    69
       Flail             |       |    60 ||    60
Invok: Berserk           |     1 |     2 ||     3
       Trog's Hand       |       |     2 ||     2
  Use: Scroll            |       |     9 ||     9
       Potion            |       |     2 ||     2
 Stab: Sleeping          |     1 |       ||     1
  Eat: Chunk             |     2 |     4 ||     6
Armor: Animal skin       |    14 |    22 ||    36
Dodge: Dodged            |    32 |    33 ||    65
